 Dungeon Crawl Stone Soup version 0.31.0-12-g77e489cdc1 (webtiles) character file.

Game seed: 17197458436492305939

2336 RosemaryViolet the Basher (level 9, -5/78 HPs)
             Began as a Minotaur Berserker on Mar 6, 2024.
             Was a Priest of Trog.
             Slain by a sky beast (6 damage)
             ... on level 7 of the Dungeon.
             The game lasted 00:56:40 (3761 turns).

RosemaryViolet the Basher (Minotaur Berserker)      Turns: 3761, Time: 00:56:41

Health: -5/78      AC: 15    Str: 31    XL:     9   Next: 19%
Magic:  8/8        EV: 10    Int:  3    God:    Trog [***...]
Gold:   304        SH:  9    Dex: 10    Spells: 8/8 levels left

rFire   . . .        a - +0 mace
rCold   . . .        v - +0 kite shield
rNeg    + . .        g - +0 chain mail
rPois   .            (helmet restricted)
rElec   .            (no cloak)
rCorr   .            p - +0 pair of gloves
SInv    .            L - +2 pair of boots
Will    .....        (no amulet) Stlth
                     d - ring of positive energy
HPRegen 0.33/turn    (no ring)
MPRegen 0.11/turn

%: no passive effects
@: mighty, on berserk cooldown, slowed, very slow
A: horns 2, retaliatory headbutt, thin skeletal structure 1, strong 1
a: Renounce Religion, Berserk, Trog's Hand


You were on level 7 of the Dungeon.
You worshipped Trog.
Trog was most pleased with you.
You visited 1 branch of the dungeon, and saw 7 of its levels.
You also visited: Sewer.

You collected 304 gold pieces.

Inventory:

Hand Weapons
 a - a +0 mace (weapon)
 j - a +0 spear
 q - a +2 antimagic trident
 r - a +0 spear
 s - a +0 whip
 K - a +0 sling
 Q - a +2 hand axe of venom
 S - a +0 giant club
 U - a +2 shortbow of flaming
Missiles
 i - 5 poisoned darts (quivered)
 t - 16 stones
 N - 4 atropa-tipped darts
Armour
 b - a +0 animal skin
 g - a +0 chain mail (worn)
 n - a +0 leather armour
 p - a +0 pair of gloves (worn)
 u - a +0 scale mail
 v - a +0 kite shield (worn)
 y - a +0 buckler
 B - a +0 ring mail
 C - a +3 ring mail of poison resistance
 E - a +0 pair of boots
 G - a +0 troll leather armour {Pargi}
 L - a +2 pair of boots (worn)
 T - an orb of mayhem
Jewellery
 d - a ring of positive energy (left hand)
 A - an amulet of the acrobat
 P - a ring of willpower
Talismans
 f - a beast talisman
 M - a talisman of death
Wands
 x - a wand of flame (21)
 J - a wand of mindburst (9)
Scrolls
 e - 4 scrolls of fear {unknown}
 k - 2 scrolls of identify {unknown}
 l - 4 scrolls of teleportation {unknown}
 z - 2 scrolls of blinking {unknown}
 D - a scroll of torment {unknown}
 H - 2 scrolls of fog {unknown}
 I - a scroll of amnesia {unknown}
 O - a scroll of silence {unknown}
Potions
 c - a potion of might
 h - 2 potions of enlightenment {unknown}
 m - a potion of attraction {unknown}
 o - 2 potions of curing {unknown}
 w - a potion of degeneration {unknown}
 F - 2 potions of cancellation {unknown}
 R - a potion of berserk rage {unknown}


   Skills:
 + Level 6.4 Fighting
 + Level 9.4 Maces & Flails
 + Level 7.2 Armour
 + Level 5.4 Dodging
 + Level 1.4 Stealth
 + Level 5.4 Shields


You had 8 spell levels left.
You didn't know any spells.
Your spell library was empty.

Dungeon Overview and Level Annotations

Branches:
Dungeon (7/15)             Temple (0/1) D:4           Sewer (visited)

Altars:
Dithmenos
Elyvilon
Fedhas
Gozag
Qazlal
Xom


Innate Abilities, Weirdness & Mutations

You have a pair of horns on your head.
You reflexively headbutt those who attack you in melee.
You have a somewhat thin skeletal structure. (Dex +2, Stealth+)
Your muscles are strong. (Str +4, Int/Dex -1)


Message History

Trog accepts your kill. You block the orc's attack.
The orc hits you but does no damage.
You thump the orc!
You kill the orc!
Trog accepts your kill.
You hit the orc.
The orc is severely wounded.
The sentinel's mark upon you fades away.
You feel the effects of Trog's Hand fading.
You block the orc's attack.
You barely miss the orc.
The orc is severely wounded.
You block the orc's attack.
The orc priest calls down the wrath of Beogh upon you.
Beogh smites you!
* * * LOW HITPOINT WARNING * * *
You bludgeon the orc!!
You kill the orc!
Trog accepts your kill. You block the orc priest's attack.
You sock the orc priest!
The orc priest is almost dead.
The orc priest hits you with a +0 club.
* * * LOW HITPOINT WARNING * * *
A sky beast comes into view.
You barely miss the orc priest. Your headbutt misses the orc priest.
The orc priest is almost dead.
Your skin stops crawling.
You feel less strong-willed.
The orc priest casts a cantrip, but nothing happens.
You block the orc priest's attack.
You thump the orc priest!
You kill the orc priest!
Trog accepts your kill.
You barely miss the sky beast.
The sky beast flickers out of sight!
Deactivating autopickup; reactivate with Ctrl-A.
Something hits you but does no damage. You block something's attack.
You sock something! Something hits you.
* * * LOW HITPOINT WARNING * * *
Something shocks you.
You die...

##.##.........#
#....._.......#
.....
#..5#.........#
#....
#.#.##........#
.#.... .
#.##........#
....o.#
#...........#
...o.###...#..#.####
.oo#....>...#.#
#)#@..##.#.#..
#){)..##.#.####
#####....#..
#.####### #<# ###


There were no monsters in sight!

Vanquished Creatures
  Duvessa (D:4)
  A water moccasin (D:5)
  2 sky beasts (D:6)
  2 ice beasts (D:5)
  Pargi (Sewer)
  2 orc warriors (D:6)
  2 ogres (D:6)
  A centaur (D:7)
  A phantom (D:5)
  A gnoll sergeant (D:6)
  A kobold brigand (Sewer)
  A brain worm (Sewer)
  A bullfrog (D:7)
  2 wights (D:6)
  Dowan (D:4)
  3 hounds
  4 orc priests
  A bombardier beetle (D:5)
  2 jellies
  6 iguanas
  4 orc wizards
  3 gnolls (D:3)
  7 adders
  A shadow imp (D:7)
  4 ufetubi
  A dart slug (D:4)
  2 ribbon worms
  16 orcs
  5 ball pythons
  4 endoplasms
  3 giant cockroaches
  5 hobgoblins
  2 jackals (D:2)
  3 quokkas
  9 bats
  3 frilled lizards
  2 goblins
  4 kobolds
  5 rats
  2 butterflies (D:7)
121 creatures vanquished.

Notes
Turn   | Place    | Note
-------+----------+-------------------------------------------
     0 | D:1      | RosemaryViolet the Minotaur Berserker began the quest for
                  | the Orb.
     0 | D:1      | Reached XP level 1. HP: 19/19 MP: 0/0
   351 | D:2      | Reached XP level 2. HP: 27/27 MP: 1/1
   372 | D:2      | Reached skill level 4 in Maces & Flails
   520 | D:2      | Reached XP level 3. HP: 28/33 MP: 2/2
   694 | D:2      | Reached ** piety under Trog
   876 | D:2      | Reached XP level 4. HP: 40/40 MP: 3/3
   963 | D:2      | Found a stormy altar of Qazlal.
  1518 | D:4      | Reached XP level 5. HP: 36/47 MP: 4/4
  1522 | D:4      | Found a shadowy altar of Dithmenos.
  1601 | D:4      | Found a staircase to the Ecumenical Temple.
  1707 | D:4      | Found an opulent altar of Gozag.
  1755 | D:4      | Noticed Dowan
  1756 | D:4      | Noticed Duvessa
  1758 | D:4      | Found a blossoming altar of Fedhas.
  1771 | D:4      | Killed Duvessa
  1772 | D:4      | Reached skill level 5 in Maces & Flails
  1772 | D:4      | Reached skill level 1 in Stealth
  1772 | D:4      | Reached XP level 6. HP: 55/55 MP: 5/5
  1781 | D:4      | Killed Dowan
  1782 | D:4      | Reached skill level 1 in Shields
  1905 | D:4      | Found a glowing drain.
  1910 | Sewer    | Entered a sewer
  1920 | Sewer    | Reached skill level 5 in Fighting
  2005 | Sewer    | Reached skill level 6 in Maces & Flails
  2032 | Sewer    | Noticed Pargi
  2042 | Sewer    | Killed Pargi
  2043 | Sewer    | Reached XP level 7. HP: 52/61 MP: 6/6
  2155 | D:5      | Entered Level 5 of the Dungeon
  2169 | D:5      | Reached *** piety under Trog
  2345 | D:5      | Reached skill level 5 in Armour
  2420 | D:5      | Reached skill level 7 in Maces & Flails
  2610 | D:5      | Reached XP level 8. HP: 69/69 MP: 7/7
  2819 | D:5      | Found a white marble altar of Elyvilon.
  2992 | D:6      | Reached skill level 8 in Maces & Flails
  3019 | D:6      | Reached skill level 5 in Dodging
  3390 | D:6      | Reached skill level 9 in Maces & Flails
  3390 | D:6      | Reached skill level 5 in Shields
  3390 | D:6      | Reached XP level 9. HP: 75/75 MP: 8/8
  3656 | D:7      | Found a shimmering altar of Xom.
  3748 | D:7      | Gained mutation: Your muscles are strong. (Str +4, Int/Dex
                  | -1) [potion of mutation]
  3748 | D:7      | Gained mutation: You have a somewhat thin skeletal
                  | structure. (Dex +2, Stealth+) [potion of mutation]
  3755 | D:7      | HP: 3/78 [orc priest/divine providence (14)]
  3761 | D:7      | HP: 1/78 [something (4)]
  3761 | D:7      | Slain by a sky beast

Illustrated notes

Levels and vault maps discovered:
D:1:      saegor_arrival_simple_a, layout_loops_ring, serial_park_tiny_1,
          minmay_misc_feat_cross, roderic_roman_lattice, minivault_5
D:2:      layout_basic, basic_altar
D:3:      layout_loops_ring, nemelex_spade_bored_becter, chequers_mini_garden,
          chequers_garden, uniq_crazy_yiuf_cottage
D:4:      layout_basic, lemuel_doored_altar, old_standard_altar,
          grunt_gozag_statues, fedhas_altar_4, minmay_temple_entry_glassed_door,
          gup_sewer_entry_spiral, nicolae_zig_zag_zippers, uniq_duvessa
D:5:      layout_cave_pools, kennysheep_mini_moat, nicolae_underground_beach
D:6:      layout_cave_pools, st_stairs_3, sword_in_stone
D:7:      layout_basic, mainiacjoe_overflow_catwalk, xom_butterflies,
          serial_shops, shop, uniq_menkaure

Skill      XL: |  1  2  3  4  5  6  7  8  9 |
---------------+----------------------------+-----
Maces & Flails | 4 5 6 7 9 |  9.4
Fighting       | 4 5 6 |  6.4
Armour         | 3 4 5 6 7 |  7.2
Dodging        | 3 4 5 |  5.4
Stealth        | 1 |  1.4
Shields        | 2 3 5 |  5.4

Action                     |  1- 3 |  4- 6 |  7- 9 || total
---------------------------+-------+-------+-------++-------
  Melee: Mace              |    62 |   138 |   192 ||   392
         Headbutt          |     7 |    25 |    36 ||    68
         Punch             |     1 |       |       ||     1
 Invoke: Berserk           |     4 |     3 |     4 ||    11
         Trog's Hand       |       |       |     2 ||     2
    Use: Potion            |       |       |     5 ||     5
 Armour: Animal skin       |    17 |       |       ||    17
         Chain mail        |    31 |    84 |   165 ||   280
  Dodge: Dodged            |    47 |    54 |   100 ||   201
  Block: Kite shield       |       |    49 |    93 ||   142
